 Dungeon Crawl Stone Soup version 0.19.1-1-g22dce08 (webtiles) character file.

91 theAP the Grave Robber (level 4, 0/45 HPs)
             Began as a Demonspawn Necromancer on Dec 30, 2016.
             Was an Initiate of Makhleb.
             Succumbed to a gnoll's poison
             ... on level 3 of the Dungeon.
             The game lasted 00:10:03 (1914 turns).

theAP the Grave Robber (Demonspawn Necromancer)     Turns: 1914, Time: 00:10:04

Health: 0/45       AC: 22    Str: 13    XL:     4   Next: 34%
Magic:  1/8        EV:  2    Int: 17    God:    Makhleb [......]
Gold:   100        SH:  0    Dex: 14    Spells: 1 memorised, 7 levels left

rFire  + . .     SeeInvis .     n - +0 mace
rCold  + . .     Gourm    .     (armour currently unavailable)
rNeg   + + +     Faith    .     (no shield)
rPois  +         Spirit   .     (helmet currently unavailable)
rElec  +         Reflect  .     (cloak currently unavailable)
rCorr  +         Harm     .     (gloves currently unavailable)
MR     .....     NoTele   +     (boots currently unavailable)
Stlth  ++........               (no amulet)
                                (no ring)
                                (no ring)

@: mighty, lethally poisoned (0 -> -6), tree-form, resistant
A: (horns 0), wild magic 1
a: Renounce Religion


You were on level 3 of the Dungeon.
You worshipped Makhleb.
Makhleb was noncommittal.
You were very hungry.
You were a tree.
You visited 1 branch of the dungeon, and saw 3 of its levels.

You collected 100 gold pieces.

Inventory:

Hand Weapons
 i - a +0 dagger of venom
 n - a +0 mace (weapon)
Armour
 a - a +0 robe (melded)
Scrolls
 d - a scroll of identify
 h - 2 scrolls of noise
Potions
 e - a potion of resistance
Books
 b - a book of Necromancy

   Spells                             Type                      Level
   a - Pain                           Necromancy                   1
   b - Animate Skeleton               Necromancy                   1
   c - Vampiric Draining              Necromancy                   3
   d - Regeneration                   Charms/Necromancy            3
   e - Animate Dead                   Necromancy                   4
   f - Control Undead                 Necromancy                   4
Comestibles
 c - a bread ration
 j - 11 fruits


   Skills:
 * Level 0.2 Fighting
 * Level 0.8 Maces & Flails
 + Level 1.8 Dodging
 + Level 2.0 Stealth
 + Level 0.1 Unarmed Combat
 + Level 2.8 Spellcasting
 + Level 5.5 Necromancy


You had 7 spell levels left.
You knew the following spells:

 Your Spells              Type           Power        Failure   Level  Hunger
a - Pain                  Necr           ####         3%          1    #......


Dungeon Overview and Level Annotations

Branches:
Dungeon (3/15)

Altars:
Makhleb
Zin


Innate Abilities, Weirdness & Mutations

((You have a pair of small horns on your head.))
Your spells are a little harder to cast, but a little more powerful.


Message History

Forget which spell ([?*] list [ESC] exit)?
Okay, then.
* * * LOW HITPOINT WARNING * * *
You feel sick.
You cannot move.
You cannot move.
* * * LOW HITPOINT WARNING * * *
You feel sick. The gnoll hits you but does no damage.
* * * LOW HITPOINT WARNING * * *
You feel sick. The gnoll hits you but does no damage.
* * * LOW HITPOINT WARNING * * *
You feel sick. The gnoll hits you but does no damage.
* * * LOW HITPOINT WARNING * * *
You feel sick. The gnoll hits you but does no damage.
* * * LOW HITPOINT WARNING * * *
You feel sick. The gnoll hits you but does no damage.
* * * LOW HITPOINT WARNING * * *
You feel sick. The gnoll hits you but does no damage.
You die...

########## #........#
#.######♣# #.# #.#
#.# ####g#####
########.###...g....#
#...<.............#.#
#.#####†.###.##.....#
#..# #. #.....#
...... ..†...#
##..### ###..#.#


You could see 2 gnolls.

Vanquished Creatures
  2 gnolls (D:3)
  An adder (D:2)
  An ooze (D:1)
  2 worms (D:2)
  2 dart slugs
  2 ball pythons
  3 giant cockroaches (D:1)
  12 goblins
  7 hobgoblins
  2 quokkas (D:2)
  2 bats
  3 frilled lizards
  4 kobolds
  7 rats
50 creatures vanquished.

Notes
Turn   | Place    | Note
-------+----------+-------------------------------------------
     0 | D:1      | theAP the Demonspawn Necromancer began the quest for the Orb.
     0 | D:1      | Reached XP level 1. HP: 13/13 MP: 3/3
   244 | D:1      | Gained mutation: You have a pair of small horns on your head. [demonic ancestry]
   244 | D:1      | Reached XP level 2. HP: 14/19 MP: 0/5
   355 | D:1      | Reached skill level 5 in Necromancy
   781 | D:1      | Reached XP level 3. HP: 9/24 MP: 1/6
  1187 | D:2      | Found a glowing silver altar of Zin.
  1442 | D:2      | Found a burning altar of Makhleb.
  1654 | D:2      | Reached XP level 4. HP: 16/30 MP: 6/8
  1835 | D:2      | Became a worshipper of Makhleb the Destroyer
  1899 | D:3      | Gained mutation: Your spells are a little harder to cast, but a little more powerful. [potion of beneficial mutation]
  1911 | D:3      | HP: 2/45 [poisoned by a gnoll]
  1914 | D:3      | Succumbed to a gnoll's poison

Skill      XL: |  1  2 |
---------------+-------+-----
Necromancy     | 5 |  5.5
Stealth        | 2 |  2.0
Fighting       | |  0.2
Maces & Flails | |  0.8
Dodging        | |  1.8
Unarmed Combat | |  0.1
Spellcasting   | |  2.8

Action                   |  1- 3 |  4- 6 || total
-------------------------+-------+-------++-------
Melee: Unarmed           |    13 |       ||    13
       Headbutt          |     4 |       ||     4
       Dagger            |     8 |       ||     8
       Mace              |     5 |     2 ||     7
 Cast: Pain              |    70 |    13 ||    83
  Use: Scroll            |     1 |     3 ||     4
       Potion            |       |     4 ||     4
  Eat: Chunk             |     2 |       ||     2
       Fruit             |     1 |       ||     1
Armor: Robe              |     9 |     2 ||    11
       Skin              |       |    11 ||    11
Dodge: Dodged            |    23 |     3 ||    26
